AoeStats
← M@nqu!to

Arabia

505523320Analyzed
1v1 RM · 22d ago on Sep 9, 2026· 63m 49s· 2 players
Game mode
Random Map
Map size
Tiny (2 player)
Population
200
Speed
Normal
Resources
Standard
Victory
Conquest
Starting age
Dark Age
Ending age
Imperial Age
RankedLock teamsTeams togetherTeam positionsShared explorationLock speedFull tech treeHidden civsTurbo modeCheats
Victory
Defeat
🇷🇺 Wei · Russia
1180
+15
🇵🇪 Malians · Peru
1162
-15
M@nqu!to
7:05 Loom
9:30 Feudal Age
9:41 Man-at-Arms
11:07 Arson
11:48 Town Watch
15:43 Fletching
17:11 Double-Bit Axe
18:15 Padded Archer Armor
20:07 Wheelbarrow
20:02 Horse Collar
21:15 Scale Mail Armor
24:53 Castle Age
25:38 Squires
24:59 Long Swordsman
26:06 Chain Mail Armor
27:10 Forging
28:18 Pikeman
31:55 Iron Casting
38:40 Scale Barding Armor
39:44 Husbandry
39:55 Bloodlines
42:27 Chain Barding Armor
49:48 Imperial Age
48:08 Elite Skirmisher
51:30 Plate Mail Armor
50:23 Two-Handed Swordsman
52:04 Ballistics
53:22 Plate Barding Armor
54:01 Champion
55:42 Bodkin Arrow
WhiTee
6:41 Loom
8:42 Feudal Age
10:24 Double-Bit Axe
17:42 Scale Barding Armor
17:36 Fletching
20:18 Wheelbarrow
25:26 Castle Age
24:18 Padded Archer Armor
25:47 Bloodlines
25:32 Elite Skirmisher
26:41 Bow Saw
26:39 Gold Mining
29:11 Scale Barding Armor
30:07 Forging
34:51 Chain Barding Armor
35:45 Horse Collar
36:38 Town Watch
44:33 Bodkin Arrow
46:59 Thumb Ring
50:48 Imperial Age
49:40 Hand Cart
49:38 Pikeman
50:56 Heavy Plow
51:36 Leather Archer Armor
52:47 Bracer
55:29 Ballistics
56:06 Tuntian
57:24 Chemistry
57:57 Parthian Tactics
58:03 Light Cavalry
59:32 Crop Rotation
60:30 Iron Casting
60:25 Ring Archer Armor
59:44 Hussar
62:12 Blast Furnace
62:10 Husbandry
62:18 Murder Holes
62:39 Masonry
62:09 Treadmill Crane
64:23 Ming Guang Armor
Connection lost

Rejoining the realm…

Still unreachable

The connection could not be restored.

Session expired

The server has moved on; the page needs a fresh start.